[Event "Titled Tuesday Blitz November 14 Early 2023"]
[White "Hajiyev, Kanan"]
[Black "Rodriguez Santiago, Jaime"]
[WhiteFideId "13404148"]
[BlackFideId "3100898"]
[WhiteElo "2493"]
[BlackElo "2257"]
[Result "1-0"]
[Round "3"]
[TimeControl "180+1"]
[Date "2023.11.14"]
[WhiteClock "0:01:12"]
[BlackClock "0:00:23"]
[Board "195"]

1. d4 Nf6 2. Nf3 d5 3. c4 e6 4. cxd5 exd5 5. Nc3 c6 6. Qc2 Bd6 7. Bg5 Nbd7 8. e3 O-O 9. Bd3 h6 10. Bh4 Re8 11. O-O Qc7 12. Rfc1 Qb8 13. Rab1 b5 14. a4 a6 15. Bg3 Nb6 16. axb5 axb5 17. Ne2 Bd7 18. Ra1 Bxg3 19. Nxg3 Qd6 20. Ne5 Nc4 21. Nxd7 Nxd7 22. b3 Rxa1 23. Rxa1 Ncb6 24. h3 Rc8 25. Bh7+ Kf8 26. Bf5 Rc7 27. Bg4 g6 28. Be2 Kg7 29. Rc1 Rc8 30. Bg4 Rc7 31. h4 Nf6 32. Be2 Rc8 33. h5 Qe6 34. hxg6 fxg6 35. Bd3 Ne8 36. Ne2 Nd6 37. Nf4 Qg4 38. Bxg6 Rg8 39. Qxc6 1-0


[Site "https://www.chess.com"]

[Event "Titled Tuesday Blitz November 14 Early 2023"]
[White "Urbina Perez, Juan Antonio"]
[Black "Quirke, Jeffrey"]
[WhiteFideId "2217368"]
[BlackFideId "2013029"]
[WhiteElo "2471"]
[BlackElo "2253"]
[Result "0-1"]
[Round "3"]
[TimeControl "180+1"]
[Date "2023.11.14"]
[WhiteClock "0:00:21"]
[BlackClock "0:00:06"]
[Board "196"]

1. e4 e6 2. d4 d5 3. Nd2 c5 4. exd5 Qxd5 5. Bc4 Qxg2 6. Qf3 Qxf3 7. Ngxf3 Nc6 8. d5 exd5 9. Bxd5 Nf6 10. Bxc6+ bxc6 11. Nc4 Be6 12. Nfe5 Bd5 13. Rg1 g6 14. Bf4 Nh5 15. Be3 f6 16. O-O-O fxe5 17. Nxe5 O-O-O 18. c4 Be6 19. Nxc6 Rxd1+ 20. Rxd1 Bxc4 21. b3 Kc7 22. Ne5 Be6 23. Nf3 Be7 24. Nd2 Rd8 25. Re1 Bf5 26. Nc4 Bf6 27. Bxc5 Nf4 28. Bd6+ Rxd6 29. Nxd6 Kxd6 30. Re8 Nd3+ 31. Kd2 Bg5+ 32. Kc3 Nxf2 33. Rh8 Ne4+ 34. Kb4 h5 35. Ra8 Bd2+ 36. Ka3 Be3 37. Rd8+ Ke5 38. Re8+ Kf4 39. b4 g5 40. Kb3 g4 41. a4 h4 42. b5 g3 43. hxg3+ hxg3 44. Rg8 Bg4 45. a5 g2 46. b6 axb6 47. a6 b5 48. a7 Bxa7 49. Rf8+ Kg3 50. Re8 g1=Q 51. Rxe4 Qb1+ 52. Ka3 Qxe4 53. Kb2 Bd4+ 54. Ka2 Qc2+ 55. Ka3 Qc3+ 56. Ka2 Qb2# 0-1


[Site "https://www.chess.com"]

[Event "Titled Tuesday Blitz November 14 Early 2023"]
[White "Omariev, Maksim"]
[Black "Dodaro, Mattia"]
[WhiteFideId "4193423"]
[BlackFideId "28583400"]
[WhiteElo "2468"]
[BlackElo "2248"]
[Result "1-0"]
[Round "3"]
[TimeControl "180+1"]
[Date "2023.11.14"]
[WhiteClock "0:01:07"]
[BlackClock "0:00:52"]
[Board "197"]

1. g4 h5 2. g5 d5 3. d4 Bf5 4. Bg2 h4 5. h3 e6 6. c4 Be7 7. Nc3 Bxg5 8. cxd5 Bxc1 9. Rxc1 exd5 10. Qb3 c6 11. Qxb7 Qb6 12. Qxa8 Qxb2 13. Kd1 Qb6 14. Nf3 Ne7 15. e4 dxe4 16. Rb1 1-0


[Site "https://www.chess.com"]

[Event "Titled Tuesday Blitz November 14 Early 2023"]
[White "Witty_Alien"]
[Black "ploxoi"]
[WhiteElo "2246"]
[BlackElo "2466"]
[Result "1-0"]
[Round "3"]
[TimeControl "180+1"]
[Date "2023.11.14"]
[WhiteClock "0:00:25"]
[BlackClock "0:00:21"]
[Board "198"]

1. e4 c5 2. Nf3 e6 3. d4 cxd4 4. c3 Nc6 5. cxd4 Nf6 6. e5 Nd5 7. Bd3 d6 8. O-O Be7 9. Nc3 dxe5 10. dxe5 Nxc3 11. bxc3 h6 12. Re1 Qc7 13. Nd4 a6 14. Qh5 Bd7 15. Rb1 Rc8 16. Bf4 Na5 17. Bg6 Rf8 18. Nf5 Nc4 19. Rbd1 fxg6 20. Qxg6+ Kd8 21. Nxg7 Re8 22. Nxe6# 1-0


[Site "https://www.chess.com"]

[Event "Titled Tuesday Blitz November 14 Early 2023"]
[White "Spalir, Jernej"]
[Black "Sarkar, Justin"]
[WhiteFideId "14606518"]
[BlackFideId "2010011"]
[WhiteElo "2456"]
[BlackElo "2245"]
[Result "1-0"]
[Round "3"]
[TimeControl "180+1"]
[Date "2023.11.14"]
[WhiteClock "0:01:20"]
[BlackClock "0:00:00"]
[Board "199"]

1. d4 Nf6 2. c4 g6 3. Nc3 Bg7 4. e4 d6 5. f3 O-O 6. Be3 e5 7. Nge2 c6 8. Qd2 Nbd7 9. d5 cxd5 10. cxd5 a6 11. g4 b5 12. h4 h5 13. g5 Ne8 14. Nc1 Nb6 15. b3 Bd7 16. Nd3 a5 17. a4 bxa4 18. Nxa4 Bxa4 19. bxa4 Nc4 20. Qf2 Nxe3 21. Qxe3 Nc7 22. Nb2 Qb8 23. Nc4 Qb4+ 24. Qd2 Qc5 25. Rc1 Rfc8 26. Nxe5 Qa3 27. Nc6 Qxf3 28. Ne7+ Kf8 29. Nxc8 Qxe4+ 30. Qe2 Qxh1 31. Rxc7 Qxh4+ 32. Kd1 Qxa4+ 33. Qc2 Qxc2+ 34. Kxc2 a4 35. Nxd6 a3 36. Rxf7+ Kg8 37. Bc4 1-0


[Site "https://www.chess.com"]

[Event "Titled Tuesday Blitz November 14 Early 2023"]
[White "crosky"]
[Black "Balla, Tamas-Kristof"]
[BlackFideId "1208497"]
[WhiteElo "2244"]
[BlackElo "2432"]
[Result "0-1"]
[Round "3"]
[TimeControl "180+1"]
[Date "2023.11.14"]
[WhiteClock "0:01:22"]
[BlackClock "0:01:16"]
[Board "200"]

1. c4 c5 2. g3 Nc6 3. Bg2 g6 4. Nc3 Bg7 5. a3 e6 6. b4 cxb4 7. axb4 d5 8. cxd5 exd5 9. b5 Nce7 10. Ba3 Nf6 11. d4 O-O 12. e3 Bg4 13. Nge2 Rc8 14. Qd2 Re8 15. O-O Bf5 16. Bc5 b6 17. Bb4 Qd7 18. Ra6 Ne4 19. Nxe4 Bxe4 20. Rfa1 Bxg2 21. Kxg2 Qxb5 22. Rxa7 Nf5 23. Nf4 Rc4 24. Nd3 Rec8 25. Ra8 h5 26. Rxc8+ Rxc8 27. h4 Rc4 28. Ra8+ Kh7 29. Ra7 Qe8 30. Rb7 Qe4+ 31. Kg1 Nxd4 32. exd4 Rxd4 33. Rxf7 Rxd3 34. Qb2 Rd1+ 0-1


[Site "https://www.chess.com"]

[Event "Titled Tuesday Blitz November 14 Early 2023"]
[White "Davidson, Kevin"]
[Black "Akylbek2021"]
[WhiteFideId "2056810"]
[WhiteElo "2428"]
[BlackElo "2236"]
[Result "1-0"]
[Round "3"]
[TimeControl "180+1"]
[Date "2023.11.14"]
[WhiteClock "0:00:12"]
[BlackClock "0:00:00"]
[Board "202"]

1. e4 e5 2. Nf3 Nc6 3. Bb5 a6 4. Ba4 Nf6 5. O-O Be7 6. Re1 b5 7. Bb3 O-O 8. a4 Rb8 9. d3 d6 10. c3 h6 11. Nbd2 Re8 12. Nf1 Bf8 13. Ng3 g6 14. h3 Be6 15. Bc2 Bg7 16. d4 Bd7 17. Be3 b4 18. a5 Nh7 19. Qd2 bxc3 20. bxc3 h5 21. Bd3 h4 22. Ne2 exd4 23. cxd4 Nb4 24. Bb1 Qc8 25. Nxh4 Bxh3 26. gxh3 Qxh3 27. Ng2 Rb5 28. Nef4 Qd7 29. Ra4 Ng5 30. Qd1 Nxe4 31. Bxe4 Rxe4 32. Qb1 Re8 33. Rxb4 Rg5 34. Rb8 Rxb8 35. Qxb8+ Kh7 36. Qb2 Qg4 37. Qe2 1-0


[Site "https://www.chess.com"]

[Event "Titled Tuesday Blitz November 14 Early 2023"]
[White "Mihajlovskij, Sergei"]
[Black "Kassimov, Baurzhan"]
[WhiteFideId "13500805"]
[BlackFideId "13704800"]
[WhiteElo "2234"]
[BlackElo "2417"]
[Result "0-1"]
[Round "3"]
[TimeControl "180+1"]
[Date "2023.11.14"]
[WhiteClock "0:00:01"]
[BlackClock "0:00:56"]
[Board "203"]

1. e4 c5 2. Nf3 d6 3. d4 cxd4 4. Qxd4 Nf6 5. Bg5 a6 6. Bc4 Nc6 7. Qd3 e6 8. Nc3 Be7 9. O-O-O Qc7 10. Bf4 b5 11. Bxb5 axb5 12. Nxb5 Qb6 13. Nxd6+ Bxd6 14. Bxd6 Rxa2 15. Ba3 Ba6 16. Qb3 Qxb3 17. cxb3 Ra1+ 18. Kd2 Rxd1+ 19. Rxd1 Nxe4+ 20. Ke3 f5 21. g4 Ne7 22. gxf5 exf5 23. Ne5 Bb7 24. Rd7 O-O 25. Rxe7 f4+ 26. Ke2 Ba6+ 27. Kf3 Ng5+ 28. Kg4 h6 29. Ng6 Rf6 30. Kh5 Kh7 31. Ne5 Be2+ 32. Kh4 Rf5 33. Nc4 Ne6 34. Kh3 Bf3 35. Rxe6 Rh5# 0-1


[Site "https://www.chess.com"]

[Event "Titled Tuesday Blitz November 14 Early 2023"]
[White "Preobrazhenska_D2011"]
[Black "Silvestre, Christian"]
[BlackFideId "30956269"]
[WhiteElo "2417"]
[BlackElo "2232"]
[Result "1-0"]
[Round "3"]
[TimeControl "180+1"]
[Date "2023.11.14"]
[WhiteClock "0:00:06"]
[BlackClock "0:00:04"]
[Board "204"]

1. e4 c5 2. Nf3 d6 3. d4 cxd4 4. Nxd4 Nf6 5. Nc3 g6 6. f3 a6 7. Be3 b5 8. a3 Bb7 9. Qd2 Nbd7 10. O-O-O Rc8 11. Kb1 Ne5 12. g4 Nc4 13. Bxc4 Rxc4 14. g5 Nd7 15. h4 Ne5 16. f4 Ng4 17. Bg1 h5 18. Qe2 Bg7 19. Rh3 O-O 20. f5 Qd7 21. Rf3 Ne5 22. Rg3 Rfc8 23. f6 exf6 24. gxf6 Bxf6 25. Nf5 Ng4 26. Nxd6 Qc7 27. Rgd3 Bxc3 28. Nxc4 Bg7 29. Nb6 Rb8 30. Rd7 Qc6 31. R7d6 Qxe4 32. Qxe4 Bxe4 33. Nd7 Ba8 34. Nxb8 1-0


[Site "https://www.chess.com"]

[Event "Titled Tuesday Blitz November 14 Early 2023"]
[White "Cueto, Jonny"]
[Black "Daniel_Salinas"]
[WhiteFideId "3300145"]
[WhiteElo "2230"]
[BlackElo "2416"]
[Result "0-1"]
[Round "3"]
[TimeControl "180+1"]
[Date "2023.11.14"]
[WhiteClock "0:01:15"]
[BlackClock "0:01:46"]
[Board "205"]

1. d4 d5 2. Bf4 Nf6 3. e3 c5 4. Nf3 e6 5. Nbd2 Bd6 6. Ne5 Nc6 7. c3 Qc7 8. Ndf3 Nd7 9. Bd3 Ncxe5 10. dxe5 Nxe5 11. Bxe5 Bxe5 12. Bb5+ Kf8 13. O-O Bf6 14. Re1 Bd7 15. Bf1 Bc6 16. b4 cxb4 17. Rc1 Bxc3 18. Re2 Bb5 19. Rec2 Ba4 20. Rxc3 Qxc3 21. Rxc3 Bxd1 22. Rc7 Bxf3 23. gxf3 Rb8 24. e4 dxe4 25. fxe4 g6 26. f4 Kg7 27. f5 Rhc8 28. Rd7 exf5 29. exf5 Rc1 30. fxg6 hxg6 31. Kf2 Rbc8 32. Rxb7 R8c2+ 33. Kg1 Rxa2 34. Rxb4 Raa1 35. Rf4 Rxf1+ 36. Rxf1 Rxf1+ 37. Kxf1 a5 38. Ke2 a4 39. Kd3 Kh6 40. Kc3 Kh5 41. Kb4 Kh4 42. Kxa4 Kh3 43. Kb4 Kxh2 44. Kc4 Kg2 45. Kd4 f5 46. Ke3 Kg3 47. Ke2 Kg2 48. Ke3 g5 49. Kd4 f4 50. Ke4 f3 0-1


[Site "https://www.chess.com"]

[Event "Titled Tuesday Blitz November 14 Early 2023"]
[White "VitaliyChayka"]
[Black "Yeritsyan, Hayk"]
[BlackFideId "13307320"]
[WhiteElo "2223"]
[BlackElo "2415"]
[Result "0-1"]
[Round "3"]
[TimeControl "180+1"]
[Date "2023.11.14"]
[WhiteClock "0:00:00"]
[BlackClock "0:01:32"]
[Board "206"]

1. d4 Nf6 2. Bf4 b6 3. e3 Bb7 4. Nf3 d6 5. Nbd2 Nbd7 6. h3 g6 7. Bd3 Bg7 8. O-O O-O 9. Qe2 Re8 10. e4 e5 11. dxe5 Nxe5 12. Nxe5 dxe5 13. Be3 Nh5 14. Bb5 c6 15. Bc4 Qe7 16. g3 Bc8 17. Kg2 Be6 18. a4 Rad8 19. a5 b5 20. Bxe6 fxe6 21. Nb3 Qb4 22. Bxa7 Bh6 23. Bb6 Rd7 24. a6 Ra8 25. a7 Bf8 26. Rfd1 Rb7 27. Be3 Qxe4+ 28. Qf3 Qxc2 29. Na5 Rf7 30. Qg4 Nf4+ 31. gxf4 exf4 32. Bd4 c5 33. Be5 Qe4+ 34. Qf3 Qxe5 35. Qxa8 f3+ 36. Kf1 Qe2+ 37. Kg1 Rf5 38. h4 Rf4 0-1


[Site "https://www.chess.com"]

[Event "Titled Tuesday Blitz November 14 Early 2023"]
[White "PoXerStar"]
[Black "Vila Dupla, Aurelio"]
[BlackFideId "2203383"]
[WhiteElo "2414"]
[BlackElo "2210"]
[Result "1-0"]
[Round "3"]
[TimeControl "180+1"]
[Date "2023.11.14"]
[WhiteClock "0:00:34"]
[BlackClock "0:01:11"]
[Board "207"]

1. c4 Nf6 2. g3 c6 3. Bg2 d5 4. Nf3 g6 5. O-O Bg7 6. b3 Ne4 7. d4 dxc4 8. bxc4 c5 9. Bb2 O-O 10. Qc1 cxd4 11. Nxd4 Nxf2 12. Nb5 Ng4 13. Bxg7 Kxg7 14. Kh1 a6 15. Qb2+ Kg8 16. N5c3 Ne3 17. Nd2 Nxg2 18. Kxg2 Qxd2 19. Qxd2 1-0


[Site "https://www.chess.com"]

[Event "Titled Tuesday Blitz November 14 Early 2023"]
[White "Fernandez Sanchez, Mario Andres"]
[Black "Herman, Daniel"]
[WhiteFideId "6501621"]
[BlackFideId "30935008"]
[WhiteElo "2203"]
[BlackElo "2413"]
[Result "0-1"]
[Round "3"]
[TimeControl "180+1"]
[Date "2023.11.14"]
[WhiteClock "0:01:13"]
[BlackClock "0:00:56"]
[Board "208"]

1. d4 g6 2. Bf4 Bg7 3. Nc3 c5 4. e3 Nf6 5. h4 d5 6. dxc5 Nc6 7. Bb5 O-O 8. h5 Bg4 9. f3 Qa5 10. g3 Ne4 11. Bxc6 Nxc3 12. bxc3 Qxc3+ 13. Kf2 bxc6 14. Ne2 Qxa1 15. fxg4 Qxd1 16. Rxd1 e5 17. hxg6 fxg6 18. Kg2 exf4 19. Nxf4 Rae8 20. Rd3 Bh6 0-1


[Site "https://www.chess.com"]

[Event "Titled Tuesday Blitz November 14 Early 2023"]
[White "Valy02chess"]
[Black "Sharafiev, Azat"]
[BlackFideId "4186214"]
[WhiteElo "2201"]
[BlackElo "2412"]
[Result "1-0"]
[Round "3"]
[TimeControl "180+1"]
[Date "2023.11.14"]
[WhiteClock "0:00:03"]
[BlackClock "0:00:13"]
[Board "209"]

1. c4 e5 2. Nc3 Bb4 3. Nf3 Nc6 4. Nd5 Be7 5. d3 Nf6 6. Nxe7 Qxe7 7. e3 O-O 8. Be2 d5 9. cxd5 Nxd5 10. O-O Bg4 11. a3 Rfd8 12. Qc2 f5 13. h3 Bh5 14. b4 a6 15. Bb2 Bf7 16. Qc5 Qxc5 17. bxc5 Re8 18. Rab1 Rab8 19. Ng5 Bg6 20. d4 exd4 21. Bc4 Rbd8 22. Bxd4 h6 23. Rxb7 hxg5 24. Rxc7 Nxd4 25. exd4 Bf7 26. Ra7 Re7 27. Rxa6 Nf4 28. Bxf7+ Kxf7 29. c6 Rxd4 30. Rb1 Rc4 31. Rb7 Ne6 32. Raa7 Rxc6 33. Rxe7+ Kf6 34. Rf7+ Ke5 35. Ra5+ Ke4 36. Rfxf5 Nd4 37. Rfe5+ Kd3 38. Rxg5 Ne2+ 39. Kh2 Nf4 40. Rxg7 Ne6 41. Rg3+ Ke2 42. Re5+ Kxf2 43. Rf3# 1-0


[Site "https://www.chess.com"]

[Event "Titled Tuesday Blitz November 14 Early 2023"]
[White "YouShallNotPass001"]
[Black "campochess"]
[WhiteElo "2409"]
[BlackElo "2184"]
[Result "1-0"]
[Round "3"]
[TimeControl "180+1"]
[Date "2023.11.14"]
[WhiteClock "0:02:01"]
[BlackClock "0:01:08"]
[Board "210"]

1. Nf3 c5 2. e3 Nf6 3. Be2 g6 4. O-O Bg7 5. d4 cxd4 6. exd4 O-O 7. c4 d6 8. Nc3 Nc6 9. h3 Bf5 10. Be3 Ne4 11. Rc1 Nxc3 12. Rxc3 e5 13. d5 Ne7 14. Bg5 h6 15. Bxe7 Qxe7 16. c5 Rac8 17. c6 bxc6 18. Rxc6 Rxc6 19. dxc6 d5 20. Qxd5 Rd8 21. Qa5 e4 22. Nh2 Bxb2 23. Ng4 h5 24. Ne3 Be6 25. Ba6 Qa3 26. Qxa3 Bxa3 27. c7 Rf8 28. Rd1 Be7 29. Nd5 Bxd5 30. Rxd5 Kg7 31. Rd7 Kf6 32. c8=Q Rxc8 33. Bxc8 1-0


[Site "https://www.chess.com"]

[Event "Titled Tuesday Blitz November 14 Early 2023"]
[White "ChessLebaneseSalah"]
[Black "Travadon, Loic"]
[BlackFideId "26092131"]
[WhiteElo "2407"]
[BlackElo "2182"]
[Result "1-0"]
[Round "3"]
[TimeControl "180+1"]
[Date "2023.11.14"]
[WhiteClock "0:00:04"]
[BlackClock "0:00:37"]
[Board "211"]

1. e4 e5 2. Nf3 Nc6 3. Bb5 a6 4. Ba4 Nf6 5. d3 b5 6. Bb3 Bc5 7. O-O d6 8. c3 h6 9. a4 b4 10. Re1 Ng4 11. Re2 f5 12. h3 Nf6 13. Nbd2 fxe4 14. Nxe4 Nxe4 15. dxe4 Ne7 16. Rd2 Ng6 17. Rd5 Qf6 18. a5 Be6 19. Ba4+ Ke7 20. Rd3 Raf8 21. cxb4 Bxb4 22. Be3 Bc4 23. Rc1 Qe6 24. Rd5 Bxd5 25. Rxc7+ Kf6 26. exd5 Qf5 27. Bc2 Qh5 28. Qd3 Rf7 29. g4 Rxc7 30. gxh5 Ne7 31. Nh2 Rhc8 32. Ng4+ Kf7 33. Ba4 Bxa5 34. Bc6 Nxc6 35. Qf5+ Kg8 36. dxc6 Rxc6 37. Qe6+ Kf8 38. Nxh6 Rc1+ 39. Kg2 R1c7 40. Nf5 Bb4 41. h6 Re8 42. Qg6 d5 43. h7 1-0


[Site "https://www.chess.com"]

[Event "Titled Tuesday Blitz November 14 Early 2023"]
[White "Marcziter, Dmitrii"]
[Black "thisjuan"]
[WhiteFideId "13900765"]
[WhiteElo "2406"]
[BlackElo "2176"]
[Result "1-0"]
[Round "3"]
[TimeControl "180+1"]
[Date "2023.11.14"]
[WhiteClock "0:00:19"]
[BlackClock "0:00:00"]
[Board "212"]

1. d4 Nf6 2. c4 e6 3. Nf3 Bb4+ 4. Nbd2 Nc6 5. a3 Bxd2+ 6. Bxd2 d6 7. Bf4 Qe7 8. e3 e5 9. Bg5 h6 10. Bh4 exd4 11. Nxd4 Bd7 12. Be2 g5 13. Bg3 O-O-O 14. b4 Rde8 15. b5 Ne5 16. Qa4 Kb8 17. O-O h5 18. Bxe5 Qxe5 19. Nc6+ Bxc6 20. bxc6 Ng4 21. g3 a5 22. Rab1 b6 23. Rb5 Qe6 24. Qxa5 Ne5 25. Rxb6+ cxb6 26. Qxb6+ Kc8 27. Qb7+ Kd8 28. c7+ Ke7 29. c8=Q+ Kf6 30. Qxe6+ Rxe6 31. f4 1-0


[Site "https://www.chess.com"]

[Event "Titled Tuesday Blitz November 14 Early 2023"]
[White "UK_23"]
[Black "Feliz Dotel, Dewar Bienvenido"]
[BlackFideId "6402801"]
[WhiteElo "2405"]
[BlackElo "2153"]
[Result "1-0"]
[Round "3"]
[TimeControl "180+1"]
[Date "2023.11.14"]
[WhiteClock "0:00:32"]
[BlackClock "0:00:00"]
[Board "213"]

1. e4 e5 2. Nf3 Nc6 3. Bc4 Nf6 4. d3 Be7 5. O-O d6 6. a4 O-O 7. Nc3 Na5 8. h3 Nxc4 9. dxc4 c6 10. b3 Be6 11. Qd3 Nd7 12. Ba3 c5 13. Nd5 f5 14. Nxe7+ Qxe7 15. Rad1 fxe4 16. Qxe4 Bf5 17. Qd5+ Kh8 18. Qxd6 Rae8 19. Qxe7 Rxe7 20. Rd2 b6 21. Bb2 Bxh3 22. Nxe5 Nxe5 23. Bxe5 Rxe5 24. gxh3 h6 25. Rfd1 Rf3 26. Kg2 Ref5 27. Re1 Rf7 28. a5 Kh7 29. a6 R3f4 30. Re8 R7f5 31. Re7 Rg5+ 32. Kf1 Rh5 33. Rxa7 Rxh3 34. Rb7 Rh1+ 35. Kg2 Ra1 36. a7 Rf8 37. Rdd7 Ra8 38. Rxg7+ Kh8 39. Rgc7 Kg8 40. Rb8+ 1-0


[Site "https://www.chess.com"]

[Event "Titled Tuesday Blitz November 14 Early 2023"]
[White "Semenova, Alina"]
[Black "Nastase, Robert-Paul"]
[WhiteFideId "24113875"]
[BlackFideId "1221175"]
[WhiteElo "2173"]
[BlackElo "2404"]
[Result "0-1"]
[Round "3"]
[TimeControl "180+1"]
[Date "2023.11.14"]
[WhiteClock "0:00:00"]
[BlackClock "0:00:12"]
[Board "214"]

1. e4 a6 2. d4 c6 3. Nf3 d5 4. exd5 cxd5 5. Bd3 Nc6 6. O-O g6 7. c3 Bg7 8. Bf4 Nf6 9. h3 O-O 10. Nbd2 Re8 11. Re1 Nd7 12. a4 e5 13. dxe5 Ndxe5 14. Nxe5 Nxe5 15. Bc2 Bd7 16. Nb3 Bc6 17. Nd4 Nc4 18. b3 Nd6 19. Rxe8+ Nxe8 20. Qe2 Rc8 21. Re1 Bd7 22. Qe3 Nf6 23. f3 Qa5 24. b4 Qd8 25. Bb3 a5 26. b5 Qb6 27. Kh1 Qc5 28. Ne2 Qa3 29. Bc2 Re8 30. Qd2 Nh5 31. Bh2 Qb2 32. Qd3 Bf5 33. Qxd5 Qxc2 34. Qxb7 Rxe2 35. Rxe2 Qxe2 36. Qb8+ Bf8 37. b6 Qe1+ 38. Bg1 Ng3+ 39. Kh2 Nf1+ 40. Kh1 Qg3 41. Qxg3 Nxg3+ 42. Kh2 Bd6 43. Bc5 Bxc5 0-1


[Site "https://www.chess.com"]

[Event "Titled Tuesday Blitz November 14 Early 2023"]
[White "Sivanandan, Bodhana"]
[Black "Kulkarni, Rakesh"]
[WhiteFideId "497592"]
[BlackFideId "5037077"]
[WhiteElo "2152"]
[BlackElo "2403"]
[Result "0-1"]
[Round "3"]
[TimeControl "180+1"]
[Date "2023.11.14"]
[WhiteClock "0:00:42"]
[BlackClock "0:00:22"]
[Board "215"]

1. d4 Nf6 2. Nf3 c5 3. d5 e6 4. c4 b5 5. b3 bxc4 6. bxc4 exd5 7. cxd5 d6 8. Nc3 g6 9. Bg5 Bg7 10. e3 O-O 11. Bc4 Nbd7 12. O-O Nb6 13. Bb3 h6 14. Bh4 Bb7 15. e4 Re8 16. Bxf6 Qxf6 17. Rc1 Qf4 18. Qd2 Qg4 19. Nb5 Rad8 20. Rfe1 Rxe4 21. Nxa7 Rxe1+ 22. Rxe1 c4 23. Bd1 Bxd5 24. h3 Qd7 25. Qa5 Qb7 26. Nb5 Bc6 27. a4 d5 28. Nfd4 Bxb5 29. Nxb5 d4 30. Bf3 Qb8 31. Qb4 d3 32. a5 Nd5 33. Qxc4 Nf4 34. a6 d2 35. Rd1 Qe5 36. a7 Qe1+ 37. Kh2 Be5 38. a8=Q Rxa8 39. Bxa8 Ne2+ 40. f4 Bxf4+ 41. Qxf4 Nxf4 42. Rxe1 dxe1=Q 43. Bf3 Ne2 44. Bxe2 Qxe2 45. Nd4 Qe5+ 46. Kh1 Qxd4 47. Kh2 Kg7 48. g3 f5 49. h4 f4 50. gxf4 Qxf4+ 51. Kh3 Qf3+ 52. Kh2 Qg4 53. Kh1 h5 54. Kh2 Kf6 55. Kh1 Kf5 56. Kh2 Kf4 57. Kh1 Kf3 58. Kh2 Qg2# 0-1


[Site "https://www.chess.com"]

[Event "Titled Tuesday Blitz November 14 Early 2023"]
[White "Ron_Weasley_Chess"]
[Black "Ismayilova, Khanim"]
[BlackFideId "13429019"]
[WhiteElo "2401"]
[BlackElo "2148"]
[Result "1-0"]
[Round "3"]
[TimeControl "180+1"]
[Date "2023.11.14"]
[WhiteClock "0:00:06"]
[BlackClock "0:00:08"]
[Board "216"]

1. Nf3 Nf6 2. g3 d5 3. Bg2 c5 4. c4 d4 5. b4 e6 6. O-O Nc6 7. b5 Nb8 8. d3 Bd6 9. a4 O-O 10. Bg5 Nbd7 11. Nbd2 h6 12. Bxf6 Nxf6 13. Nb3 Rb8 14. Qc2 e5 15. e3 Bg4 16. Nfd2 Qd7 17. exd4 exd4 18. Rfe1 Bh3 19. Bf3 Bg4 20. Bh1 Rfe8 21. Ne4 Nxe4 22. Bxe4 Re7 23. Bd5 Rbe8 24. Rxe7 Qxe7 25. Na5 Qf6 26. f3 Be6 27. Bxb7 Qg5 28. Qf2 Bf4 29. Kh1 Be3 30. Qg2 Qh5 31. f4 Bh3 32. Qf3 Bg4 33. Qd5 Qh3 34. Qg2 Qh5 35. Re1 Re6 36. Bd5 Rg6 37. Nc6 Be6 38. Ne5 Bxd5 39. Qxd5 Rxg3 40. Qxf7+ Qxf7 41. Nxf7 Kxf7 42. hxg3 Kf6 43. Kg2 Kf5 44. Kf3 g5 45. g4+ Kf6 46. f5 Ke5 47. Rh1 Bd2 48. Rxh6 Ba5 49. Re6# 1-0


[Site "https://www.chess.com"]

[Event "Titled Tuesday Blitz November 14 Early 2023"]
[White "Wahlund, Max"]
[Black "Azali, Tannaz"]
[WhiteFideId "1741861"]
[BlackFideId "12537721"]
[WhiteElo "2132"]
[BlackElo "2401"]
[Result "1/2-1/2"]
[Round "3"]
[TimeControl "180+1"]
[Date "2023.11.14"]
[WhiteClock "0:00:09"]
[BlackClock "0:00:21"]
[Board "217"]

1. d4 Nf6 2. c4 e6 3. g3 d5 4. Bg2 dxc4 5. Nf3 Bd7 6. O-O Bc6 7. Nbd2 b5 8. a4 a6 9. Qc2 Nbd7 10. b3 Bb7 11. bxc4 bxc4 12. Nxc4 c5 13. Bf4 Rc8 14. Nd6+ Bxd6 15. Bxd6 cxd4 16. Qb2 Qb6 17. Qxd4 Qxd4 18. Nxd4 Bxg2 19. Kxg2 Ne4 20. Ba3 Nec5 21. Rfc1 O-O 22. Rab1 Rfd8 23. a5 g6 24. Rc2 e5 25. Nf3 Ne6 26. Rxc8 Rxc8 27. Rb7 Rc7 28. Rxc7 Nxc7 29. Bd6 Nb5 30. Bxe5 Nxe5 31. Nxe5 Nd6 32. Nc6 Nc4 33. Nb4 Nxa5 34. Nxa6 f5 35. Nc5 Nc6 36. e3 Kf7 37. h4 Kf6 38. f4 Ne7 39. Kf3 Nd5 40. Nd7+ Kf7 41. Ne5+ Kf6 42. g4 fxg4+ 43. Nxg4+ Kf7 44. e4 Nc7 45. Ne5+ Kf6 46. Kg4 Ne6 47. Nd7+ Ke7 48. Nb6 Kf6 49. Nd5+ Kg7 50. f5 gxf5+ 51. exf5 Nd4 52. f6+ Kf7 53. Kg5 Nf3+ 54. Kg4 Ne5+ 55. Kf5 Nd7 56. h5 Nc5 57. Ne3 Nd7 58. Ng4 Nc5 59. Ne5+ Kf8 60. Kg5 Ne4+ 61. Kf5 Nc5 62. Nf3 Kf7 63. Ng5+ Kg8 64. f7+ Kg7 65. Ke5 h6 66. Ne6+ Nxe6 67. Kxe6 Kf8 68. Kf6 1/2-1/2


[Site "https://www.chess.com"]

[Event "Titled Tuesday Blitz November 14 Early 2023"]
[White "Melaugh, Shane"]
[Black "Petersson, Kjell"]
[WhiteFideId "2509580"]
[BlackFideId "1705148"]
[WhiteElo "2388"]
[BlackElo "2129"]
[Result "1-0"]
[Round "3"]
[TimeControl "180+1"]
[Date "2023.11.14"]
[WhiteClock "0:00:51"]
[BlackClock "0:00:16"]
[Board "218"]

1. c4 f5 2. d4 Nf6 3. g3 e6 4. Bg2 d5 5. Nf3 c6 6. O-O Bd6 7. c5 Bc7 8. Bf4 Bxf4 9. gxf4 O-O 10. Nbd2 Ne4 11. b4 a6 12. a4 Bd7 13. e3 Qe8 14. Ne5 Nxd2 15. Qxd2 Qh5 16. Bf3 Qh3 17. Kh1 Kh8 18. Rg1 Be8 19. Rg3 Qh6 20. Rag1 Rg8 21. Qe2 Nd7 22. Nd3 Bf7 23. Qf1 Bh5 24. Rh3 Bxf3+ 25. Rxf3 g5 26. Rh3 Qf6 27. fxg5 Rxg5 28. Rxg5 Qxg5 29. Rg3 Qh6 30. Nf4 Rg8 31. Rxg8+ Kxg8 32. b5 axb5 33. axb5 Nf8 34. bxc6 bxc6 35. Qa6 Qh4 36. Qe2 Kf7 37. Kg2 Qg5+ 38. Kh1 Ng6 39. Nd3 h5 40. f4 Qg4 41. Qxg4 hxg4 42. Nb4 Nh4 43. Nxc6 Nf3 44. Ne5+ Ke7 45. Nxf3 gxf3 46. Kg1 1-0


[Site "https://www.chess.com"]

[Event "Titled Tuesday Blitz November 14 Early 2023"]
[White "Dahlgren, James Allen"]
[Black "Cheer_Down"]
[WhiteFideId "22256873"]
[WhiteElo "2131"]
[BlackElo "2385"]
[Result "0-1"]
[Round "3"]
[TimeControl "180+1"]
[Date "2023.11.14"]
[WhiteClock "0:01:49"]
[BlackClock "0:02:16"]
[Board "219"]

1. e4 e5 2. Nf3 Nc6 3. Nc3 Nf6 4. d4 exd4 5. Nd5 Nb4 6. Bg5 Nbxd5 7. exd5 Bb4+ 8. c3 dxc3 9. Qe2+ Qe7 10. Qxe7+ Bxe7 11. Bxf6 Bxf6 12. O-O-O cxb2+ 13. Kc2 d6 14. Bb5+ Bd7 15. Rhe1+ Kd8 16. Bxd7 Kxd7 17. Nd4 Rhe8 18. Rxe8 Rxe8 19. Kxb2 Re2+ 20. Kc3 Rxf2 21. Kc4 Rf4 22. g3 Rxd4+ 23. Rxd4 Bxd4 24. Kxd4 c6 0-1


[Site "https://www.chess.com"]